TOP OF THE 1ST |
Indianapolis Indians batting - Pitching for Evansville Triplets : RHP Freddy Medina
|
Pitching: RHP Freddy Medina
|
|
Batting: LHB Elias Nava
|
0-0: Called Strike 0-1: Ball 1-1: Ground out 1-3 (Groundball, 15S, EV 65.6 MPH)
|
Batting: SHB Julio Estrada
|
0-0: Called Strike 0-1: Ball 1-1: Ball 2-1: Called Strike 2-2: Foul Ball, location: 2F 2-2: Foul Ball, location: 2F 2-2: Ground out 5-3 (Groundball, 56, EV 89.4 MPH)
|
Batting: LHB Scott Radloff
|
0-0: Foul Ball, location: 2F 0-1: SINGLE (Groundball, 5D, EV 101.9 MPH)
|
Batting: RHB Luis Gonzalez
|
0-0: Ball 1-0: Foul Ball, location: 2F 1-1: Swinging Strike 1-2: Strikes out swinging
|
Top of the 1st over - 0 runs, 1 hit, 0 errors, 1 left on base; Indianapolis 0 - Evansville 0 |
BOTTOM OF THE 1ST |
Evansville Triplets batting - Pitching for Indianapolis Indians : RHP Andrew Muhlstock
|
Pitching: RHP Andrew Muhlstock
|
|
Batting: LHB Greg Gross
|
0-0: Called Strike 0-1: DOUBLE (Groundball, 3D, EV 100.0 MPH)
|
Batting: RHB Cory Mihalic
|
0-0: Called Strike 0-1: Fly out, F8 (Line Drive, 8LM, EV 108.8 MPH) Runner from 2nd tags up, SAFE at 3rd with throw by CF
|
Batting: LHB Lloyd Moseby
|
0-0: Foul Ball, location: 2F 0-1: Foul Ball, location: 2F 0-2: Foul Ball, location: 2F 0-2: Ball 1-2: Ball 2-2: Foul Ball, location: 2F 2-2: Strikes out swinging
|
Batting: RHB Ron Kittle
|
0-0: Swinging Strike 0-1: Swinging Strike 0-2: Foul Ball, location: 2F 0-2: Strikes out looking
|
Bottom of the 1st over - 0 runs, 1 hit, 0 errors, 1 left on base; Indianapolis 0 - Evansville 0 |
TOP OF THE 2ND |
Indianapolis Indians batting - Pitching for Evansville Triplets : RHP Freddy Medina
|
Batting: RHB Pat Rooney
|
0-0: Ball 1-0: Ball 2-0: Ground out 6-3 (Groundball, 6, EV 86.3 MPH)
|
Batting: LHB Roberto Ruiz
|
0-0: Ball 1-0: Foul Ball, location: 2F 1-1: Foul Ball, location: 2F 1-2: Foul Ball, location: 2F 1-2: Ball 2-2: Ball 3-2: Foul Ball, location: 2F 3-2: Foul Ball, location: 2F 3-2: Base on Balls
|
Batting: RHB Bill Lindsey
|
0-0: Called Strike 0-1: Ball 1-1: Ball 2-1: Swinging Strike 2-2: Ball 3-2: Foul Ball, location: 2F 3-2: Fly out, F8 (Line Drive, 8LM, EV 87.5 MPH)
|
Batting: LHB David Bertulli
|
0-0: Fielders Choice at 2nd, 6-4 (Groundball, 6, EV 104.4 MPH)
|
Top of the 2nd over - 0 runs, 0 hits, 0 errors, 1 left on base; Indianapolis 0 - Evansville 0 |
BOTTOM OF THE 2ND |
Evansville Triplets batting - Pitching for Indianapolis Indians : RHP Andrew Muhlstock
|
Batting: SHB Mickey Tettleton
|
0-0: Foul Ball, location: 2F 0-1: Ground out U3 (Groundball, 3, EV 101.9 MPH)
|
Batting: RHB Mike Allen
|
0-0: Called Strike 0-1: Swinging Strike 0-2: Ball 1-2: Ball 2-2: Ball 3-2: SINGLE (Groundball, 34D, EV 101.9 MPH)
|
Batting: LHB Luis Alfaro
|
0-0: Ball 1-0: DOUBLE (Groundball, 5L, EV 100.0 MPH) Mike Allen to third Runner from 3rd tries for Home, SAFE, no throw by LF
|
Batting: RHB Jaden Smith
|
0-0: Swinging Strike 0-1: Called Strike 0-2: Ground out 1-3 (Groundball, 34S, EV 67.5 MPH) Luis Alfaro to third
|
Batting: RHB Ed Jurak
|
0-0: Called Strike 0-1: Called Strike 0-2: Ball 1-2: Fly out, F3 (Line Drive, 3, EV 69.4 MPH)
|
Bottom of the 2nd over - 1 run, 2 hits, 0 errors, 1 left on base; Indianapolis 0 - Evansville 1 |
TOP OF THE 3RD |
Indianapolis Indians batting - Pitching for Evansville Triplets : RHP Freddy Medina
|
Batting: LHB Kevin Schoendienst
|
0-0: Ball 1-0: Called Strike 1-1: Called Strike 1-2: Foul Ball, location: 2F 1-2: Foul Ball, location: 2F 1-2: SINGLE (Groundball, 6M, EV 103.8 MPH)
|
Batting: LHB Elias Nava
|
0-0: Ball 1-0: Called Strike 1-1: Ball 2-1: Fielders Choice at 2nd, 4-6 (Groundball, 4, EV 100.0 MPH)
|
Batting: SHB Julio Estrada
|
0-0: Foul Ball, location: 2F 0-1: Called Strike Elias Nava steals 2nd base 0-2: Ball 1-2: Hit by Pitch
|
Batting: LHB Scott Radloff
|
0-0: Called Strike 0-1: Ball 1-1: Grounds into double play, 6-4-3 (Groundball, 6, EV 86.3 MPH)
|
Top of the 3rd over - 0 runs, 1 hit, 0 errors, 1 left on base; Indianapolis 0 - Evansville 1 |
BOTTOM OF THE 3RD |
Evansville Triplets batting - Pitching for Indianapolis Indians : RHP Andrew Muhlstock
|
Batting: LHB Greg Gross
|
0-0: Fly out, F5 (Popup, 5, EV 61.9 MPH)
|
Batting: RHB Cory Mihalic
|
0-0: Swinging Strike 0-1: Ball 1-1: Ball 2-1: Foul Ball, location: 2F 2-2: Strikes out swinging
|
Batting: LHB Lloyd Moseby
|
0-0: Called Strike 0-1: Ball 1-1: Ball 2-1: Called Strike 2-2: Foul Ball, location: 2F 2-2: SOLO HOME RUN (Line Drive, 9D, EV 100.6 MPH), Distance : 366 ft
|
Batting: RHB Ron Kittle
|
0-0: Ball 1-0: Foul Ball, location: 2F 1-1: Called Strike 1-2: Foul Ball, location: 3F, Error on foul ball, E3 1-2: Fly out, F7 (Flyball, 7S, EV 84.4 MPH)
|
Bottom of the 3rd over - 1 run, 1 hit, 1 error, 0 left on base; Indianapolis 0 - Evansville 2 |
TOP OF THE 4TH |
Indianapolis Indians batting - Pitching for Evansville Triplets : RHP Freddy Medina
|
Batting: RHB Luis Gonzalez
|
0-0: Hit by Pitch
|
Batting: RHB Pat Rooney
|
0-0: Ball 1-0: Ball 2-0: Called Strike 2-1: Ball 3-1: Foul Ball, location: 2F 3-2: Foul Ball, location: 2F 3-2: Fly out, F9 (Flyball, 89M, EV 89.4 MPH)
|
Batting: LHB Roberto Ruiz
|
0-0: Foul Ball, location: 2F 0-1: Foul Ball, location: 2F 0-2: Foul Ball, location: 2F 0-2: Ball 1-2: Ball 2-2: Ball 3-2: Base on Balls Luis Gonzalez to second
|
Batting: RHB Bill Lindsey
|
0-0: Called Strike 0-1: Ball 1-1: SINGLE (Groundball, 6MD, EV 103.1 MPH) Luis Gonzalez to third Roberto Ruiz to second Runner from 3rd tries for Home, SAFE, throw by CF to home
|
Batting: LHB David Bertulli
|
0-0: Called Strike 0-1: Foul Ball, location: 2F 0-2: Hit by Pitch Roberto Ruiz to third Bill Lindsey to second
|
Batting: LHB Kevin Schoendienst
|
0-0: Ball 1-0: Foul Ball, location: 2F 1-1: Ball 2-1: Ball 3-1: Base on Balls Roberto Ruiz scores Bill Lindsey to third David Bertulli to second
|
Batting: LHB Elias Nava
|
0-0: Ball 1-0: Called Strike 1-1: Ball 2-1: Fly out, F5 (Popup, 56S, EV 80.0 MPH)
|
Batting: SHB Julio Estrada
|
0-0: Ball 1-0: Called Strike 1-1: Ball 2-1: Called Strike 2-2: Ball 3-2: Strikes out swinging
|
Top of the 4th over - 2 runs, 1 hit, 0 errors, 3 left on base; Indianapolis 2 - Evansville 2 |
BOTTOM OF THE 4TH |
Evansville Triplets batting - Pitching for Indianapolis Indians : RHP Andrew Muhlstock
|
Batting: SHB Mickey Tettleton
|
0-0: Ball 1-0: Swinging Strike 1-1: Foul Ball, location: 2F 1-2: Foul Ball, location: 2F 1-2: Fly out, F7 (Flyball, 7LS, EV 84.4 MPH)
|
Batting: RHB Mike Allen
|
0-0: Ball 1-0: Ball 2-0: Called Strike 2-1: Called Strike 2-2: Fly out, F8 (Line Drive, 8LM, EV 105.6 MPH)
|
Batting: LHB Luis Alfaro
|
0-0: Ball 1-0: Fly out, F8 (Line Drive, 8RD, EV 85.0 MPH)
|
Bottom of the 4th over - 0 runs, 0 hits, 0 errors, 0 left on base; Indianapolis 2 - Evansville 2 |
TOP OF THE 5TH |
Indianapolis Indians batting - Pitching for Evansville Triplets : RHP Freddy Medina
|
Batting: LHB Scott Radloff
|
0-0: Called Strike 0-1: Foul Ball, location: 2F 0-2: Ball 1-2: Ball 2-2: Ball 3-2: Ground out 6-3 (Groundball, 6M, EV 85.6 MPH)
|
Batting: RHB Luis Gonzalez
|
0-0: Ball 1-0: Ball 2-0: Called Strike 2-1: Foul Ball, location: 2F 2-2: Foul Ball, location: 2F 2-2: Strikes out looking
|
Batting: RHB Pat Rooney
|
0-0: Ball 1-0: Ball 2-0: Ball 3-0: Base on Balls
|
Pitching: RHP Tom Henke
|
|
Batting: LHB Roberto Ruiz
|
0-0: Fielders Choice at 2nd, 5-4 (Groundball, 56, EV 87.5 MPH)
|
Top of the 5th over - 0 runs, 0 hits, 0 errors, 1 left on base; Indianapolis 2 - Evansville 2 |
BOTTOM OF THE 5TH |
Evansville Triplets batting - Pitching for Indianapolis Indians : RHP Andrew Muhlstock
|
Batting: RHB Jaden Smith
|
0-0: Ball 1-0: Called Strike 1-1: Ball 2-1: Called Strike 2-2: Ball 3-2: Foul Ball, location: 2F 3-2: Foul Ball, location: 2F 3-2: Foul Ball, location: 2F 3-2: Foul Ball, location: 2F 3-2: Foul Ball, location: 2F 3-2: Ground out 6-3 (Groundball, 6, EV 90.0 MPH)
|
Batting: RHB Ed Jurak
|
0-0: Ball 1-0: Fly out, F6 (Popup, 6MS, EV 71.3 MPH)
|
Batting: LHB Greg Gross
|
0-0: Ball 1-0: Ball 2-0: Foul Ball, location: 2F 2-1: Ball 3-1: Foul Ball, location: 2F 3-2: Strikes out swinging
|
Bottom of the 5th over - 0 runs, 0 hits, 0 errors, 0 left on base; Indianapolis 2 - Evansville 2 |
TOP OF THE 6TH |
Indianapolis Indians batting - Pitching for Evansville Triplets : RHP Tom Henke
|
Batting: RHB Bill Lindsey
|
0-0: Called Strike 0-1: Foul Ball, location: 2F 0-2: Foul Ball, location: 2F 0-2: Ball 1-2: Ball 2-2: Fly out, F7 (Flyball, 7D, EV 82.5 MPH)
|
Batting: LHB David Bertulli
|
0-0: Fly out, F8 (Flyball, 8RXD, EV 93.8 MPH)
|
Batting: LHB Kevin Schoendienst
|
0-0: Foul Ball, location: 2F 0-1: Foul Ball, location: 2F 0-2: Foul Ball, location: 2F 0-2: Ball 1-2: Ball 2-2: Ground out U3 (Groundball, 34S, EV 91.9 MPH)
|
Top of the 6th over - 0 runs, 0 hits, 0 errors, 0 left on base; Indianapolis 2 - Evansville 2 |
BOTTOM OF THE 6TH |
Evansville Triplets batting - Pitching for Indianapolis Indians : RHP Andrew Muhlstock
|
Batting: RHB Cory Mihalic
|
0-0: Ball 1-0: Swinging Strike 1-1: Called Strike 1-2: Foul Ball, location: 2F 1-2: Ball 2-2: Ball 3-2: Strikes out swinging
|
Batting: LHB Lloyd Moseby
|
0-0: Ball 1-0: Ball 2-0: Ground out U3 (Groundball, 3L, EV 91.9 MPH)
|
Batting: RHB Ron Kittle
|
0-0: Called Strike 0-1: Ball 1-1: Swinging Strike 1-2: Ball 2-2: Foul Ball, location: 2F 2-2: Ball 3-2: Foul Ball, location: 2F 3-2: Foul Ball, location: 2F 3-2: Strikes out swinging
|
Bottom of the 6th over - 0 runs, 0 hits, 0 errors, 0 left on base; Indianapolis 2 - Evansville 2 |
TOP OF THE 7TH |
Indianapolis Indians batting - Pitching for Evansville Triplets : RHP Tom Henke
|
Batting: LHB Elias Nava
|
0-0: Ball 1-0: Ground out U3 (Groundball, 3, EV 99.4 MPH)
|
Batting: SHB Julio Estrada
|
0-0: Ball 1-0: Foul Ball, location: 2F 1-1: Ball 2-1: Fly out, F8 (Flyball, 8RM, EV 82.5 MPH)
|
Batting: LHB Scott Radloff
|
0-0: Ball 1-0: Ball 2-0: Ball 3-0: Called Strike 3-1: Base on Balls
|
Batting: RHB Luis Gonzalez
|
0-0: Called Strike 0-1: Ball 1-1: Foul Ball, location: 2F 1-2: Strikes out swinging
|
Top of the 7th over - 0 runs, 0 hits, 0 errors, 1 left on base; Indianapolis 2 - Evansville 2 |
BOTTOM OF THE 7TH |
Evansville Triplets batting - Pitching for Indianapolis Indians : RHP Andrew Muhlstock
|
Batting: SHB Mickey Tettleton
|
0-0: Foul Ball, location: 2F 0-1: Fly out, F2 (Popup, 2LF, EV 90.6 MPH)
|
Batting: RHB Mike Allen
|
0-0: Called Strike 0-1: Swinging Strike 0-2: Ground out 5-3 (Groundball, 56, EV 83.8 MPH)
|
Batting: LHB Luis Alfaro
|
0-0: Swinging Strike 0-1: Ball 1-1: Reached on error, E5 (Groundball, 56, EV 101.9 MPH)
|
Batting: RHB Jaden Smith
|
0-0: Ball 1-0: Called Strike 1-1: Foul Ball, location: 2F 1-2: Ball 2-2: Strikes out swinging
|
Bottom of the 7th over - 0 runs, 0 hits, 1 error, 1 left on base; Indianapolis 2 - Evansville 2 |
TOP OF THE 8TH |
Indianapolis Indians batting - Pitching for Evansville Triplets : RHP Tom Henke
|
Pitching: LHP Randy Niemann
|
|
Batting: RHB Pat Rooney
|
0-0: Foul Ball, location: 2F 0-1: Swinging Strike 0-2: Strikes out swinging
|
Batting: LHB Roberto Ruiz
|
0-0: Ground out 4-3 (Groundball, 34, EV 101.3 MPH)
|
Batting: RHB Bill Lindsey
|
0-0: Foul Ball, location: 2F 0-1: Swinging Strike 0-2: Fly out, F8 (Flyball, 8LS, EV 83.1 MPH)
|
Top of the 8th over - 0 runs, 0 hits, 0 errors, 0 left on base; Indianapolis 2 - Evansville 2 |
BOTTOM OF THE 8TH |
Evansville Triplets batting - Pitching for Indianapolis Indians : RHP Andrew Muhlstock
|
Batting: RHB Ed Jurak
|
0-0: Called Strike 0-1: Ball 1-1: Foul Ball, location: 2F 1-2: Fly out, F4 (Flyball, 34D, EV 88.8 MPH)
|
Batting: LHB Greg Gross
|
0-0: Ball 1-0: Ball 2-0: Foul Ball, location: 2F 2-1: Foul Ball, location: 2F 2-2: Foul Ball, location: 2F 2-2: Ground out 5-3 (Groundball, 56D, EV 103.8 MPH)
|
Batting: RHB Cory Mihalic
|
0-0: Ball 1-0: Fly out, F4 (Line Drive, 4, EV 70.0 MPH)
|
Bottom of the 8th over - 0 runs, 0 hits, 0 errors, 0 left on base; Indianapolis 2 - Evansville 2 |
TOP OF THE 9TH |
Indianapolis Indians batting - Pitching for Evansville Triplets : LHP Randy Niemann
|
Pinch Hitting: SHB Bobby Ball
|
0-0: Ball 1-0: Foul Ball, location: 2F 1-1: Called Strike 1-2: Strikes out swinging
|
Pinch Hitting: RHB Robert Bonnette
|
0-0: Ball 1-0: Foul Ball, location: 2F 1-1: Ball 2-1: Ground out 4-3 (Groundball, 4, EV 83.8 MPH)
|
Batting: LHB Elias Nava
|
0-0: Ball 1-0: Ball 2-0: Foul Ball, location: 2F 2-1: Foul Ball, location: 2F 2-2: Foul Ball, location: 2F 2-2: Foul Ball, location: 2F 2-2: Ball 3-2: Base on Balls
|
Batting: SHB Julio Estrada
|
0-0: Called Strike 0-1: Ground out 1-3 (Groundball, 15, EV 67.5 MPH)
|
Top of the 9th over - 0 runs, 0 hits, 0 errors, 1 left on base; Indianapolis 2 - Evansville 2 |
BOTTOM OF THE 9TH |
Evansville Triplets batting - Pitching for Indianapolis Indians : RHP Andrew Muhlstock
|
Now at 3B: Juan Bernhardt
|
|
Now at SS: Robert Bonnette
|
|
Batting: LHB Lloyd Moseby
|
0-0: Ball 1-0: Ball 2-0: Fly out, F7 (Flyball, 7, EV 75.0 MPH)
|
Batting: RHB Ron Kittle
|
0-0: Ball 1-0: SINGLE (Groundball, 56D, EV 99.4 MPH)
|
Pitching: RHP Michael Culbert
|
|
Batting: SHB Mickey Tettleton
|
0-0: Foul Ball, location: 2F 0-1: Ball 1-1: Called Strike 1-2: Ball 2-2: Foul Ball, location: 2F 2-2: Ball 3-2: Foul Ball, location: 2F 3-2: Foul Ball, location: 2F 3-2: Foul Ball, location: 2F 3-2: Base on Balls Ron Kittle to second
|
Batting: RHB Mike Allen
|
0-0: Bunt missed! 0-1: Bunt missed! 0-2: Ball 1-2: Ball 2-2: Foul Ball, location: 2F 2-2: Foul Ball, location: 2F 2-2: Fly out, F9 (Flyball, 9D, EV 100.6 MPH) Runner from 2nd tags up, SAFE at 3rd, no throw by RF
|
Batting: LHB Luis Alfaro
|
0-0: Ball 1-0: Called Strike 1-1: Ball 2-1: Called Strike 2-2: Fly out, F9 (Flyball, 89M, EV 85.0 MPH)
|
Bottom of the 9th over - 0 runs, 1 hit, 0 errors, 2 left on base; Indianapolis 2 - Evansville 2 |
TOP OF THE 10TH |
Indianapolis Indians batting - Pitching for Evansville Triplets : LHP Randy Niemann
|
Batting: LHB Scott Radloff
|
0-0: Ball 1-0: Ball 2-0: Fly out, F7 (Flyball, 7S, EV 93.1 MPH)
|
Batting: RHB Luis Gonzalez
|
0-0: Ball 1-0: Ball 2-0: Swinging Strike 2-1: Ball 3-1: Base on Balls
|
Pitching: RHP Geoff Combe
|
|
Batting: RHB Pat Rooney
|
0-0: Grounds into double play, 4-6-3 (Groundball, 4, EV 91.3 MPH)
|
Top of the 10th over - 0 runs, 0 hits, 0 errors, 0 left on base; Indianapolis 2 - Evansville 2 |
BOTTOM OF THE 10TH |
Evansville Triplets batting - Pitching for Indianapolis Indians : RHP Michael Culbert
|
Pitching: LHP Lee Guetterman
|
|
Batting: RHB Jaden Smith
|
0-0: Ball 1-0: Called Strike 1-1: Called Strike 1-2: Ball 2-2: Ball 3-2: Foul Ball, location: 2F 3-2: Foul Ball, location: 2F 3-2: Foul Ball, location: 2F 3-2: Base on Balls
|
Batting: RHB Ed Jurak
|
0-0: Foul Ball, location: 2F 0-1: Ball 1-1: Ball 2-1: Swinging Strike 2-2: Ball 3-2: Reached via error on a dropped throw from 1B, E1 (Groundball, 34S, EV 83.8 MPH) Jaden Smith to second
|
Batting: LHB Greg Gross
|
0-0: Ball 1-0: Ball 2-0: Ball 3-0: Called Strike 3-1: Swinging Strike 3-2: Base on Balls Jaden Smith to third Ed Jurak to second
|
Batting: RHB Cory Mihalic
|
0-0: Swinging Strike 0-1: Called Strike 0-2: Foul Ball, location: 2F 0-2: Fly out, F8 (Flyball, 8LXD, EV 110.0 MPH) Runner from 3rd tags up, SCORES, no throw by CF
|
Bottom of the 10th over - 1 run, 0 hits, 1 error, 0 left on base; Indianapolis 2 - Evansville 3 |
|